 Dungeon Crawl Stone Soup version 0.22-a0-571-g4a923d4 (webtiles) character file.

1169 kae the Insei (level 8, -1/59 HPs)
             Began as a Demonspawn Transmuter on July 1, 2018.
             Slain by a wight
             ... wielding a cursed +5 dire flail
              (15 damage)
             ... on level 6 of the Dungeon.
             The game lasted 00:05:52 (7901 turns).

kae the Insei (Demonspawn Transmuter)               Turns: 7901, Time: 00:05:53

Health: -1/59      AC:  2    Str: 14    XL:     8   Next: 17%
Magic:  4/13       EV: 11    Int: 14    God:
Gold:   280        SH:  5    Dex: 15    Spells: 8/14 levels left

rFire    + + .     SeeInvis .   c - +3 hand axe of Accord {chop, rF+ rC+ Str+2}
rCold    + . .     Gourm    .   j - +1 buckler
rNeg     . . .     Faith    .   b - +0 robe
rPois    .         Spirit   .   (no helmet)
rElec    .         Reflect  .   (no cloak)
rCorr    .         Harm     .   (no gloves)
MR       .....                  (no boots)
Stlth    +.........             (no amulet)
HPRegen  0.19/turn              (no ring)
MPRegen  0.13/turn              (no ring)

@: very slightly contaminated, drained
A: talons 2, fire resistance 1
a: no special abilities


You were on level 6 of the Dungeon.
You were not hungry.

You visited 2 branches of the dungeon, and saw 7 of its levels.
You also visited: Sewer.

You collected 280 gold pieces.

Inventory:

Hand Weapons
 c - the +3 hand axe of Accord (weapon) {chop, rF+ rC+ Str+2}
   (You found it on level 4 of the Dungeon)

   It inflicts extra damage upon your enemies.
   It affects your strength (+2).
   It protects you from fire.
   It protects you from cold.
Missiles
 a - 158 arrows
Armour
 b - a +0 robe (worn)
 j - a +1 buckler (worn)
Jewellery
 g - an uncursed amulet of harm
Scrolls
 i - a scroll of fear
 l - a scroll of teleportation
 n - 4 scrolls of remove curse
 o - 2 scrolls of enchant weapon
Potions
 e - 2 potions of curing
 f - 2 potions of agility
 h - 5 potions of flight
 k - a potion of lignification {unknown}
 p - 2 potions of might
 q - a potion of brilliance {unknown}
Comestibles
 d - 9 rations


   Skills:
 + Level 3.6(3.0) Fighting
 - Level 1.7(1.2) Dodging
 + Level 2.7(2.2) Shields
 * Level 5.5(4.9) Unarmed Combat
 + Level 3.9(3.3) Spellcasting
 * Level 5.0(4.4) Transmutations


You had 8 spell levels left.
You knew the following spells:

 Your Spells              Type           Power        Failure   Level  Hunger
a - Beastly Appendage     Tmut           ##....       4%          1    #......
b - Sticks to Snakes      Tmut           ##......     6%          2    ##.....
c - Spider Form           Tmut/Pois      #.........   30%         3    ###....

Your spell library contained the following spells:

 Spells                   Type           Power        Failure   Level  Hunger
 Magic Dart               Conj           #...         26%         1    #......
 Conjure Flame            Conj/Fire      #.......     61%         3    ###....
 Slow                     Hex            #.......     36%         2    ##.....
 Mephitic Cloud           Conj/Pois/Air  #.......     61%         3    ###....
 Blink                    Tloc           N/A          36%         2    ##.....
 Call Imp                 Summ           #.......     36%         2    ##.....
 Blade Hands              Tmut           ##........   75%         5    ######.
 Ice Form                 Ice/Tmut       #.......     71%         4    #####..


Dungeon Overview and Level Annotations

Branches:
Dungeon (6/15)             Temple (1/1) D:5

Altars:
Cheibriados
Dithmenos
Elyvilon
Fedhas
Gozag
Kikubaaqudgha
Makhleb
Nemelex Xobeh
Qazlal
Ru
Sif Muna
Uskayaw
Vehumet
Xom
The Shining One


Innate Abilities, Weirdness & Mutations

You have razor-sharp toenails.
Your flesh is heat resistant. (rF+)


Message History

You closely miss the wight.
The wight is heavily damaged.
You block the wight's attack.
You hit the wight.
The wight is severely damaged.
The wight misses you.
Casting: Spider Form (safe; 30% risk of failure)
Confirm with . or Enter, or press ? or * to list all spells.
You miscast Spider Form.
You are very lightly contaminated with residual magic.
You smell something strange.
You block the wight's attack.
Casting: Spider Form (safe; 30% risk of failure)
Confirm with . or Enter, or press ? or * to list all spells.
You miscast Spider Form.
Your skin tingles.
You block the wight's attack.
Casting: Spider Form (safe; 30% risk of failure)
Confirm with . or Enter, or press ? or * to list all spells.
You miscast Spider Form.
Your hair momentarily turns into snakes!
The wight hits you with an enchanted dire flail!
You die...

##..##...##....+
#####...##....#....# .....
...+..........#....+ .....
....#...(......# ...# ......
....#....##....# #..# .....#
#...##...##....###..###.....#
#...##...##......#...........
....#.....#......#Z..........
....#.....+.....@zS..........
....#.....#......#Z..........
....+.....#......#...........
....#....##.....###..####....
#..###...##.....######### ###
#..###...##......[#.....#
....#.............'.....#
....#.............#.....#
....'....##......###...##


You could see a wight, an adder, a bullfrog zombie and a hound skeleton.

Vanquished Creatures
  An ice beast (D:5)
  2 ogres
  A phantom (D:6)
  A big kobold (D:5)
  A bullfrog (D:6)
  A scorpion (D:6)
  3 wights (D:6)
  A crimson imp (D:5)
  A bullfrog zombie (D:5)
  2 centaur skeletons
  2 bullfrog skeletons
  3 worker ants
  2 hound skeletons
  8 adders
  2 river rats (D:3)
  2 oozes (Sewer)
  A worm (D:2)
  A dart slug (D:2)
  7 leopard geckos
  6 orcs
  A bat zombie (D:4)
  6 giant cockroaches
  7 goblins
  9 hobgoblins
  7 jackals (D:5)
  4 quokkas
  2 ball pythons
  11 bats
  8 frilled lizards
  27 kobolds
  A leopard gecko skeleton (D:4)
  A leopard gecko zombie (D:6)
  13 rats
145 creatures vanquished.

Vanquished Creatures (collateral kills)
  A worm (D:2)
1 creature vanquished.

Grand Total: 146 creatures vanquished

Notes
Turn   | Place    | Note
-------+----------+-------------------------------------------
     0 | D:1      | kae the Demonspawn Transmuter began the quest for the Orb.
     0 | D:1      | Reached XP level 1. HP: 15/15 MP: 3/3
   405 | D:1      | Gained mutation: Your flesh is heat resistant. (rF+) [demonic ancestry]
   405 | D:1      | Reached XP level 2. HP: 21/21 MP: 3/5
   894 | D:1      | Learned a level 2 spell: Sticks to Snakes
  1269 | D:2      | Gained mutation: You have sharp toenails. [demonic ancestry]
  1269 | D:2      | Reached XP level 3. HP: 21/26 MP: 6/6
  1282 | D:2      | Learned a level 3 spell: Spider Form
  1955 | D:3      | Gained mutation: You have razor-sharp toenails. [demonic ancestry]
  1955 | D:3      | Reached XP level 4. HP: 13/32 MP: 3/7
  2316 | D:3      | Found a sparkling altar of Nemelex Xobeh.
  2565 | D:3      | Found a glowing drain.
  2578 | D:3      | Reached XP level 5. HP: 25/38 MP: 6/8
  2586 | Sewer    | Entered a sewer
  2808 | Sewer    | Reached skill level 1 in Shields
  4364 | D:4      | Found an ancient bone altar of Kikubaaqudgha.
  4762 | D:4      | Got a shimmering hand axe
  4763 | D:4      | Identified the +3 hand axe of Accord {chop, rF+ rC+ Str+2} (You found it on level 4 of the Dungeon)
  4897 | D:4      | Reached XP level 6. HP: 32/44 MP: 10/10
  5816 | D:5      | Entered Level 5 of the Dungeon
  6100 | D:5      | Found a staircase to the Ecumenical Temple.
  6424 | D:5      | Noticed an ice beast
  6438 | D:5      | Killed an ice beast
  6438 | D:5      | Reached XP level 7. HP: 31/51 MP: 5/11
  6985 | Temple   | Entered the Ecumenical Temple
  7366 | D:6      | Reached skill level 5 in Unarmed Combat
  7654 | D:6      | Found a blossoming altar of Fedhas.
  7666 | D:6      | Reached XP level 8. HP: 54/58 MP: 10/13
  7677 | D:6      | Reached skill level 5 in Transmutations
  7901 | D:6      | Slain by a wight

Vault maps used:
D:1:      lightli_arrival_statuegarden
D:3:      lemuel_doored_altar, portal_sewer_entry_e
D:4:      lemuel_zombie_altar_kikubaaqudgha, first_ration
D:5:      minmay_temple_entry_steel_oval
D:6:      fedhas_altar_3, gammafunk_ghost_necromancy,
          nicolae_dithmenos_the_darkroom, uniq_menkaure
Temple:   hc_temple_tempest_star
Sewer:    kennysheep_pipe_town

Skill      XL: |  1  2  3  4  5  6  7  8 |
---------------+-------------------------+-----
Transmutations | 2 3 4 5 |  5.0
Unarmed Combat | 3 4 5 |  5.5
Shields        | 1 2 |  2.7
Fighting       | 2 3 |  3.6
Spellcasting   | 3 |  3.9
Dodging        | |  1.7

Action                   |  1- 3 |  4- 6 |  7- 9 || total
-------------------------+-------+-------+-------++-------
Melee: Unarmed           |   131 |   194 |    66 ||   391
       Kick              |    16 |    44 |     7 ||    67
       Headbutt          |     3 |     3 |     1 ||     7
       Hand axe          |       |    77 |    22 ||    99
 Cast: Beastly Appendage |    16 |     5 |     2 ||    23
       Spider Form       |     2 |    12 |     7 ||    21
       Sticks to Snakes  |     2 |     1 |     2 ||     5
  Use: Potion            |       |     4 |     2 ||     6
       Scroll            |       |    12 |       ||    12
 Stab: Distracted        |     2 |       |     1 ||     3
       Sleeping          |     2 |       |       ||     2
  Eat: Chunk             |     3 |    15 |     3 ||    21
       Ration            |       |     1 |     1 ||     2
Armor: Robe              |    26 |    33 |     1 ||    60
       Skin              |     1 |     4 |     5 ||    10
Dodge: Dodged            |    89 |   173 |    62 ||   324
Block: Buckler           |     4 |    37 |     6 ||    47

Table legend:
 A = Spawn XP
 B = Non-spawn XP
 C = Spawn XP percentage of total XP
 D = Spawn monster count
 E = Non-spawn monster count
 F = Spawn count percentage of total count
 G = Total turns spent on level
                    A         B        C        D         E        F      G
               +---------+---------+-------+---------+---------+-------+---------
         Total |       0 |    1670 |   0.0 |       0 |     146 |   0.0 |  7901
               +---------+---------+-------+---------+---------+-------+---------
           D:1 |       0 |      36 |   0.0 |       0 |      22 |   0.0 |  1227
           D:2 |       0 |      62 |   0.0 |       0 |      18 |   0.0 |   899
           D:3 |       0 |     152 |   0.0 |       0 |      34 |   0.0 |  1182
           D:4 |       0 |     194 |   0.0 |       0 |      16 |   0.0 |  1552
           D:5 |       0 |     524 |   0.0 |       0 |      20 |   0.0 |  1205
           D:6 |       0 |     657 |   0.0 |       0 |      12 |   0.0 |   601
         Sewer |       0 |      45 |   0.0 |       0 |      24 |   0.0 |   956
               +---------+---------+-------+---------+---------+-------+---------
